AoeStats
← GoogleWise

Lombardia

510000631Analyzed
2v2 RM · 3d ago on Sep 29, 2026· 92m 46s· 4 players
Game mode
Random Map
Map size
Medium (4 player)
Population
200
Speed
Normal
Resources
Standard
Victory
Conquest
Starting age
Dark Age
Ending age
Imperial Age
RankedLock teamsTeams togetherTeam positionsShared explorationLock speedFull tech treeHidden civsTurbo modeCheats
Victory
Defeat
🇨🇱 Mapuche · Chile
1030
+14
🇨🇱 Britons · Chile
1027
+14
🇨🇦 Tupi · Canada
982
-14
🇨🇭 Lithuanians · Switzerland
974
-14
GoogleWise
9:46 Feudal Age
11:24 Loom
11:38 Double-Bit Axe
18:40 Castle Age
16:13 Champi Runner
26:02 Wheelbarrow
26:32 Horse Collar
26:44 Gold Mining
26:48 Stone Mining
29:25 Hand Cart
29:19 Champi Warrior
30:00 Squires
32:01 Scale Mail Armor
40:50 Imperial Age
38:30 Fletching
38:51 Forging
38:41 Padded Archer Armor
39:10 Arson
41:49 Caciques
43:29 Elite Blackwood Archer
47:14 Curare
49:07 Bodkin Arrow
49:28 Leather Archer Armor
51:52 Bracer
52:23 Ring Archer Armor
51:38 Elite Skirmisher
53:19 Elite Champi Warrior
59:43 Iron Casting
63:42 Chain Mail Armor
66:39 Capped Ram
68:48 Siege Ram
71:31 Plate Mail Armor
72:49 Guard Tower
74:03 Chemistry
73:39 Murder Holes
80:25 Ballistics
80:41 Bow Saw
80:32 Elite Ibirapema Warrior
82:53 Keep
88:13 Pikeman
89:42 Gold Shaft Mining
Meninkain
5:17 Loom
9:04 Feudal Age
15:46 Double-Bit Axe
17:57 Wheelbarrow
19:09 Horse Collar
22:42 Castle Age
22:25 Forging
22:15 Scale Mail Armor
22:24 Scale Barding Armor
23:19 Bloodlines
23:31 Husbandry
24:11 Bow Saw
26:28 Iron Casting
25:53 Scale Mail Armor
26:16 Chain Barding Armor
33:26 Hand Cart
35:32 Gold Mining
35:32 Stone Mining
42:18 Imperial Age
41:21 Stone Shaft Mining
42:43 Cavalier
44:12 Plate Barding Armor
43:27 Fletching
44:01 Fervor
44:22 Paladin
46:11 Conscription
45:14 Elite Leitis
46:36 Caravan
48:28 Chemistry
50:13 Bodkin Arrow
51:06 Hoardings
50:15 Treadmill Crane
50:49 Masonry
50:35 Murder Holes
52:09 Bracer
52:11 Padded Archer Armor
58:02 Architecture
58:07 Town Watch
61:36 Two-Man Saw
61:03 Leather Archer Armor
60:32 Elite Skirmisher
62:28 Ring Archer Armor
62:01 Hill Forts
62:01 Tower Shields
63:35 Sanctity
65:50 Ballistics
67:34 Onager
72:30 Town Patrol
diego02041989
10:40 Feudal Age
9:00 Loom
12:22 Double-Bit Axe
20:09 Castle Age
18:47 Wheelbarrow
19:32 Horse Collar
25:36 Fletching
25:47 Padded Archer Armor
26:05 Gold Mining
27:24 Bow Saw
27:15 Heavy Plow
26:54 Crossbowman
28:47 Pikeman
31:53 Bodkin Arrow
32:13 Leather Archer Armor
32:09 Forging
34:12 Hand Cart
38:30 Imperial Age
36:30 Ballistics
45:04 Bracer
45:34 Ring Archer Armor
46:08 Chemistry
44:32 Arbalester
48:56 Gold Shaft Mining
48:12 Stone Mining
49:32 Yeomen
49:15 Warwolf
49:41 Conscription
50:19 Caravan
52:03 Coinage
51:43 Guilds
59:23 Fortified Wall
59:31 Siege Engineers
79:02 Elite Longbowman
80:19 Hoardings
82:02 Murder Holes
82:18 Masonry
81:50 Treadmill Crane
82:38 Sappers
83:24 Squires
82:45 Halberdier
83:11 Gambesons
83:12 Arson
84:34 Iron Casting
83:59 Scale Mail Armor
86:24 Blast Furnace
92:28 Chain Mail Armor
92:18 Scale Barding Armor
Paquesito
8:28 Loom
11:47 Feudal Age
12:58 Champi Runner
14:51 Double-Bit Axe
17:46 Horse Collar
17:57 Gold Mining
17:59 Stone Mining
26:10 Castle Age
27:37 Heavy Plow
27:48 Bow Saw
28:03 Scale Mail Armor
28:13 Forging
31:44 Imperial Age
32:10 Wheelbarrow
31:18 Pikeman
33:29 Gold Shaft Mining
35:05 Crop Rotation
36:13 Fletching
38:36 Conscription
38:59 Hand Cart
39:41 Champi Warrior
41:03 Town Watch
41:28 Butalmapu
42:20 Iron Casting
43:03 Town Patrol
42:52 Arson
44:27 Stone Shaft Mining
44:53 Blast Furnace
44:08 Chain Mail Armor
44:57 Hoardings
44:59 Caravan
45:22 Elite Champi Warrior
46:37 Chain Mail Armor
46:01 Capped Ram
49:03 Plate Mail Armor
49:25 Masonry
50:23 Chemistry
51:30 Bodkin Arrow
51:42 Halberdier
59:34 Architecture
64:17 Elite Kona
Connection lost

Rejoining the realm…

Still unreachable

The connection could not be restored.

Session expired

The server has moved on; the page needs a fresh start.